 Dungeon Crawl Stone Soup version 0.21-a0-221-gfe971b9 (webtiles) character file.

62 Stormphoenix the Insei (level 3, -5/29 HPs)
             Began as a Demonspawn Monk on Aug 25, 2017.
             Slain by a worm (6 damage)
             ... on level 2 of the Dungeon.
             The game lasted 00:04:20 (1868 turns).

Stormphoenix the Insei (Demonspawn Monk)            Turns: 1868, Time: 00:04:21

Health: -5/29      AC:  2    Str: 12    XL:     3   Next: 85%
Magic:  3/3        EV: 13    Int: 11    God:
Gold:   128        SH:  0    Dex: 15    Spells: 2/2 levels left

rFire    . . .     SeeInvis .     - Unarmed
rCold    . . .     Gourm    .   (no shield)
rNeg     . . .     Faith    .   a - +0 robe
rPois    .         Spirit   .   (no helmet)
rElec    .         Reflect  .   (no cloak)
rCorr    .         Harm     .   (no gloves)
MR       .....                  (no boots)
Stlth    ++........             (no amulet)
HPRegen  0.09/turn              (no ring)
MPRegen  0.08/turn              (no ring)

@: no status effects
A: hooves 2
a: no special abilities


You were on level 2 of the Dungeon.
You were not hungry.

You visited 1 branch of the dungeon, and saw 2 of its levels.

You collected 128 gold pieces.

Inventory:

Armour
 a - a +0 robe (worn)
Jewellery
 c - an uncursed amulet of guardian spirit {unknown}
Scrolls
 e - 2 scrolls of enchant weapon {unknown}
 g - a scroll of teleportation {unknown}
 i - a scroll of fog {unknown}
 j - a scroll of identify {unknown}
Potions
 d - a potion of lignification {unknown}
Comestibles
 b - a bread ration
 f - 3 chunks of flesh
 h - a royal jelly


   Skills:
 - Level 3.0 Fighting
 - Level 2.6 Dodging
 - Level 1.7 Stealth
 + Level 4.3 Unarmed Combat


You had 2 spell levels left.
You didn't know any spells.

Dungeon Overview and Level Annotations

Branches:
Dungeon (2/15)

Altars:
Vehumet


Innate Abilities, Weirdness & Mutations

You have hoof-like feet.


Message History

The kobold throws a stone.
The stone barely misses you. The kobold hits you with a short sword.
You closely miss the kobold. The kobold misses you.
You closely miss the kobold. Your kick misses the kobold.
The kobold hits you with a short sword.
A worm comes into view.
You hit the kobold but do no damage. You kick the kobold.
You kill the kobold!
The worm bites you.
* * * LOW HITPOINT WARNING * * *
Things that are here:
a short sword; 2 stones You hit the worm but do no damage.
The worm bites you!
* * * LOW HITPOINT WARNING * * *
You hit the worm. Your kick misses the worm.
The worm is moderately wounded.
You hit the worm. Your kick misses the worm.
The worm is heavily wounded.
The worm bites you.
You die...

### # ##. #.# #.#
..# #.#
#######w##.#
#(.)..)@...#
#.#####.##.#
#.#.###.# ########
#.......#
.......###.....###
#####..##...##.#
.............# ..
.#.##.###...## ##
.#....)###.....#


You could see a worm.

Vanquished Creatures
  An adder (D:2)
  2 oozes
  8 bats
  2 giant cockroaches
  4 goblins
  3 hobgoblins
  7 jackals
  A ball python (D:1)
  A frilled lizard (D:1)
  8 kobolds
  6 rats
43 creatures vanquished.

Notes
Turn   | Place    | Note
-------+----------+-------------------------------------------
     0 | D:1      | Stormphoenix the Demonspawn Monk began the quest for the Orb.
     0 | D:1      | Reached XP level 1. HP: 18/18 MP: 1/1
   343 | D:1      | Reached skill level 3 in Unarmed Combat
   473 | D:1      | Gained mutation: You have large cloven feet. [demonic ancestry]
   473 | D:1      | Reached XP level 2. HP: 21/24 MP: 2/2
  1202 | D:2      | Gained mutation: You have hoof-like feet. [demonic ancestry]
  1202 | D:2      | Reached XP level 3. HP: 15/29 MP: 3/3
  1364 | D:2      | Found a radiant altar of Vehumet.
  1501 | D:2      | Reached skill level 4 in Unarmed Combat
  1866 | D:2      | HP: 1/29 [worm (7)]
  1868 | D:2      | Slain by a worm

Vault maps used:
D:1:      lightli_arrival_noodles, minmay_misc_feat_five, minmay_misc_feat_alley
D:2:      nicolae_overflow_crystal_walls, lemuel_round_altar, minivault_19

Skill      XL: |  1  2  3 |
---------------+----------+-----
Unarmed Combat | 3 4 |  4.3
Fighting       | |  3.0
Dodging        | |  2.6
Stealth        | |  1.7

Action                   || total
-------------------------++-------
Melee: Unarmed           ||   154
       Kick              ||    25
       Punch             ||     2
  Use: Potion            ||     3
       Scroll            ||     2
 Stab: Sleeping          ||     1
  Eat: Chunk             ||     3
Armor: Robe              ||    47
Dodge: Dodged            ||   132

Table legend:
 A = Spawn XP
 B = Non-spawn XP
 C = Spawn XP percentage of total XP
 D = Spawn monster count
 E = Non-spawn monster count
 F = Spawn count percentage of total count
 G = Total turns spent on level
                    A         B        C        D         E        F      G
               +---------+---------+-------+---------+---------+-------+---------
         Total |       7 |      82 |   7.9 |       6 |      37 |  14.0 |  1868
               +---------+---------+-------+---------+---------+-------+---------
           D:1 |       3 |      34 |   8.1 |       2 |      19 |   9.5 |  1192
           D:2 |       4 |      48 |   7.7 |       4 |      18 |  18.2 |   676
               +---------+---------+-------+---------+---------+-------+---------
